TOP OF THE 1ST |
New Hampshire Fisher Cats batting - Pitching for West Palm Reds : LHP Allan Bader
|
Pitching: LHP Allan Bader
|
|
Batting: LHB Francisco Marino
|
0-0: Called Strike 0-1: Ball 1-1: Ball 2-1: Called Strike 2-2: Strikes out looking
|
Batting: RHB José Hernández
|
0-0: Ball 1-0: Swinging Strike 1-1: Ball 2-1: Ball 3-1: Base on Balls
|
Batting: RHB Keith Ford
|
0-0: Called Strike 0-1: Ball 1-1: Ball 2-1: SINGLE (Line Drive, 9LS) José Hernández to second
|
Batting: RHB Roberto Peńa
|
0-0: Ball 1-0: Foul Ball, location: 2F 1-1: Ball 2-1: Swinging Strike 2-2: Ball 3-2: Foul Ball, location: 2F 3-2: Foul Ball, location: 2F 3-2: Foul Ball, location: 2F 3-2: Strikes out swinging
|
Batting: RHB Phil Matthews
|
0-0: Ball 1-0: Ball 2-0: Swinging Strike 2-1: Swinging Strike Passed Ball! José Hernández to third Keith Ford to second 2-2: Strikes out swinging
|
Top of the 1st over - 0 run(s), 1 hit(s), 0 error(s), 2 left on base; New Hampshire 0 - West Palm 0 |
BOTTOM OF THE 1ST |
West Palm Reds batting - Pitching for New Hampshire Fisher Cats : RHP Troy Bannon
|
Pitching: RHP Troy Bannon
|
|
Batting: RHB Lorenzo Guzmán
|
0-0: Ball 1-0: Ground out U3 (Groundball, 3S)
|
Batting: RHB Juan Vareas
|
0-0: Ball 1-0: Called Strike 1-1: DOUBLE (Flyball, 89XD)
|
Batting: LHB Enrique Cortéz
|
0-0: Called Strike 0-1: Ball 1-1: Ball 2-1: Ground out 4-3 (Groundball, 4) Juan Vareas to third
|
Batting: LHB Jeff McKinney
|
0-0: Ball 1-0: Called Strike 1-1: Ball 2-1: Foul Ball, location: 2F 2-2: Strikes out swinging
|
Bottom of the 1st over - 0 run(s), 1 hit(s), 0 error(s), 1 left on base; New Hampshire 0 - West Palm 0 |
TOP OF THE 2ND |
New Hampshire Fisher Cats batting - Pitching for West Palm Reds : LHP Allan Bader
|
Batting: RHB Júlio Trinidad
|
0-0: Swinging Strike 0-1: Swinging Strike 0-2: Ball 1-2: Foul Ball, location: 2F 1-2: Ball 2-2: Foul Ball, location: 2F 2-2: SOLO HOME RUN (Flyball, 89XD), Distance : 427 ft
|
Batting: LHB Gustavo Lozano
|
0-0: Called Strike 0-1: Ball 1-1: Called Strike 1-2: Ground out 1-3 (Groundball, 15)
|
Batting: RHB Matt Silver
|
0-0: Ball 1-0: Ground out 1-3 (Groundball, 13)
|
Batting: RHB Brad French
|
0-0: Ball 1-0: Foul Ball, location: 2F 1-1: SINGLE (Groundball, 4M)
|
Batting: LHB Francisco Marino
|
0-0: Ball 1-0: Ball 2-0: Ball 3-0: Base on Balls Brad French to second
|
Batting: RHB José Hernández
|
0-0: Ball 1-0: Swinging Strike 1-1: Ball 2-1: Swinging Strike 2-2: Strikes out swinging
|
Top of the 2nd over - 1 run(s), 2 hit(s), 0 error(s), 2 left on base; New Hampshire 1 - West Palm 0 |
BOTTOM OF THE 2ND |
West Palm Reds batting - Pitching for New Hampshire Fisher Cats : RHP Troy Bannon
|
Batting: SHB Todd Smith
|
0-0: Called Strike 0-1: Foul Ball, location: 2F 0-2: Ball 1-2: Ground out U3 (Groundball, 3)
|
Batting: RHB Jack Ray
|
0-0: Ball 1-0: Ball 2-0: Ball 3-0: Base on Balls
|
Batting: LHB Jeff Doss
|
0-0: Fly out, F5 (Line Drive, 56)
|
Batting: LHB Bob Martin
|
0-0: Ball 1-0: SINGLE (Groundball, 34D) (infield hit) Jack Ray to second
|
Batting: SHB Alex Hayes
|
0-0: Ball 1-0: Ball 2-0: Called Strike 2-1: Foul Ball, location: 2F 2-2: Strikes out looking
|
Bottom of the 2nd over - 0 run(s), 1 hit(s), 0 error(s), 2 left on base; New Hampshire 1 - West Palm 0 |
TOP OF THE 3RD |
New Hampshire Fisher Cats batting - Pitching for West Palm Reds : LHP Allan Bader
|
Batting: RHB Keith Ford
|
0-0: Called Strike 0-1: Called Strike 0-2: Foul Ball, location: 2F 0-2: Ball 1-2: Ball 2-2: Fly out, F5 (Popup, 25F)
|
Batting: RHB Roberto Peńa
|
0-0: Ball 1-0: Ball 2-0: Called Strike 2-1: Ground out 6-3 (Groundball, 6)
|
Batting: RHB Phil Matthews
|
0-0: Swinging Strike 0-1: Swinging Strike 0-2: Foul Ball, location: 2F 0-2: Foul Ball, location: 2F 0-2: Ball 1-2: Ball 2-2: Ground out 5-3 (Groundball, 56)
|
Top of the 3rd over - 0 run(s), 0 hit(s), 0 error(s), 0 left on base; New Hampshire 1 - West Palm 0 |
BOTTOM OF THE 3RD |
West Palm Reds batting - Pitching for New Hampshire Fisher Cats : RHP Troy Bannon
|
Batting: RHB Lorenzo Guzmán
|
0-0: Foul Ball, location: 2F 0-1: Ball 1-1: Swinging Strike 1-2: Foul Ball, location: 2F 1-2: Ball 2-2: Fly out, F3 (Popup, 23F)
|
Batting: RHB Juan Vareas
|
0-0: Ball 1-0: Swinging Strike 1-1: Ball 2-1: Called Strike 2-2: Ball 3-2: Foul Ball, location: 2F 3-2: Foul Ball, location: 2F 3-2: Ground out U3 (Groundball, 3S)
|
Batting: LHB Enrique Cortéz
|
0-0: Fly out, F8 (Line Drive, 8LD)
|
Bottom of the 3rd over - 0 run(s), 0 hit(s), 0 error(s), 0 left on base; New Hampshire 1 - West Palm 0 |
TOP OF THE 4TH |
New Hampshire Fisher Cats batting - Pitching for West Palm Reds : LHP Allan Bader
|
Batting: RHB Júlio Trinidad
|
0-0: Called Strike 0-1: Swinging Strike 0-2: Strikes out swinging
|
Batting: LHB Gustavo Lozano
|
0-0: Ball 1-0: Foul Ball, location: 2F 1-1: Foul Ball, location: 2F 1-2: Ball 2-2: Strikes out swinging
|
Batting: RHB Matt Silver
|
0-0: Called Strike 0-1: Called Strike 0-2: Strikes out swinging
|
Top of the 4th over - 0 run(s), 0 hit(s), 0 error(s), 0 left on base; New Hampshire 1 - West Palm 0 |
BOTTOM OF THE 4TH |
West Palm Reds batting - Pitching for New Hampshire Fisher Cats : RHP Troy Bannon
|
Batting: LHB Jeff McKinney
|
0-0: Called Strike 0-1: Swinging Strike 0-2: SINGLE (Groundball, 34S)
|
Batting: SHB Todd Smith
|
0-0: Called Strike 0-1: Ball Jeff McKinney is caught stealing 2nd base 1-1: Foul Ball, location: 2F 1-2: Ball 2-2: DOUBLE (Flyball, 9D)
|
Batting: RHB Jack Ray
|
0-0: Ball 1-0: Called Strike 1-1: Ball Wild Pitch! Todd Smith to third 2-1: Swinging Strike 2-2: Ball 3-2: Base on Balls
|
Batting: LHB Jeff Doss
|
0-0: Ball 1-0: 3-RUN HOME RUN (Flyball, 89XD), Distance : 423 ft
|
Batting: LHB Bob Martin
|
0-0: TRIPLE (Line Drive, 7LM)
|
Batting: SHB Alex Hayes
|
0-0: DOUBLE (Line Drive, 3D) Bob Martin scores
|
Batting: RHB Lorenzo Guzmán
|
0-0: Fly out, F4 (Popup, 3DF)
|
Batting: RHB Juan Vareas
|
0-0: Swinging Strike 0-1: Ball 1-1: Ball 2-1: Foul Ball, location: 2F 2-2: Ball 3-2: Ground out 5-3 (Groundball, 56S)
|
Bottom of the 4th over - 4 run(s), 5 hit(s), 0 error(s), 1 left on base; New Hampshire 1 - West Palm 4 |
TOP OF THE 5TH |
New Hampshire Fisher Cats batting - Pitching for West Palm Reds : LHP Allan Bader
|
Batting: RHB Brad French
|
0-0: Ball 1-0: Ball 2-0: Foul Ball, location: 2F 2-1: Foul Ball, location: 2F 2-2: Strikes out swinging
|
Batting: LHB Francisco Marino
|
0-0: Ball 1-0: Ball 2-0: Called Strike 2-1: Foul Ball, location: 2F 2-2: Strikes out swinging
|
Batting: RHB José Hernández
|
0-0: Swinging Strike 0-1: Swinging Strike 0-2: Ball 1-2: Ball 2-2: Ball 3-2: Ground out 6-3 (Groundball, 6)
|
Top of the 5th over - 0 run(s), 0 hit(s), 0 error(s), 0 left on base; New Hampshire 1 - West Palm 4 |
BOTTOM OF THE 5TH |
West Palm Reds batting - Pitching for New Hampshire Fisher Cats : RHP Troy Bannon
|
Batting: LHB Enrique Cortéz
|
0-0: Ball 1-0: Called Strike 1-1: SINGLE (Groundball, 6MD)
|
Batting: LHB Jeff McKinney
|
0-0: Ball 1-0: Fly out, F7 (Line Drive, 7M)
|
Batting: SHB Todd Smith
|
0-0: DOUBLE (Flyball, 8LXD) Enrique Cortéz to third
|
Batting: RHB Jack Ray
|
0-0: Ball 1-0: Foul Ball, location: 2F 1-1: Swinging Strike 1-2: Ball 2-2: Ball 3-2: Foul Ball, location: 2F 3-2: Base on Balls
|
Batting: LHB Jeff Doss
|
0-0: SINGLE (Groundball, 3S) Enrique Cortéz scores Todd Smith to third Jack Ray to second Runner from 3rd tries for Home, SAFE, throw made home
|
Batting: LHB Bob Martin
|
0-0: Called Strike 0-1: Ball 1-1: SINGLE (Groundball, 6MD) Jack Ray to third Jeff Doss to second Runner from 3rd tries for Home, SAFE, no throw or cutoff
|
Pitching: RHP Ernesto Rivera
|
|
Batting: SHB Alex Hayes
|
0-0: Swinging Strike 0-1: Ball 1-1: Fly out, F2 (Popup, 25)
|
Batting: RHB Lorenzo Guzmán
|
0-0: Ball 1-0: Foul Ball, location: 2F 1-1: Ball 2-1: Called Strike 2-2: Foul Ball, location: 2F 2-2: Foul Ball, location: 2F 2-2: Ground out 6-3 (Groundball, 56)
|
Bottom of the 5th over - 3 run(s), 4 hit(s), 0 error(s), 2 left on base; New Hampshire 1 - West Palm 7 |
TOP OF THE 6TH |
New Hampshire Fisher Cats batting - Pitching for West Palm Reds : LHP Allan Bader
|
Pitching: LHP Francisco Nieto
|
|
Batting: RHB Keith Ford
|
0-0: SINGLE (Groundball, 6MD)
|
Batting: RHB Roberto Peńa
|
0-0: Foul Ball, location: 2F 0-1: Swinging Strike 0-2: Ball 1-2: Ball 2-2: Foul Ball, location: 2F 2-2: Ball 3-2: Base on Balls Keith Ford to second
|
Batting: RHB Phil Matthews
|
0-0: Called Strike 0-1: Ball 1-1: Ball 2-1: Ball 3-1: Base on Balls Keith Ford to third Roberto Peńa to second
|
Batting: RHB Júlio Trinidad
|
0-0: Ball 1-0: Ball 2-0: Ball 3-0: Base on Balls Keith Ford scores Roberto Peńa to third Phil Matthews to second
|
Batting: LHB Gustavo Lozano
|
0-0: Grounds into fielders choice 1-2 (Groundball, 15) Phil Matthews to third Júlio Trinidad to second
|
Batting: RHB Matt Silver
|
0-0: Ball 1-0: Foul Ball, location: 2F 1-1: Swinging Strike 1-2: Foul Ball, location: 2F 1-2: Grounds into double play, 5-4-3 (Groundball, 56)
|
Top of the 6th over - 1 run(s), 1 hit(s), 0 error(s), 2 left on base; New Hampshire 2 - West Palm 7 |
BOTTOM OF THE 6TH |
West Palm Reds batting - Pitching for New Hampshire Fisher Cats : RHP Ernesto Rivera
|
Batting: RHB Juan Vareas
|
0-0: Foul Ball, location: 2F 0-1: Swinging Strike 0-2: Ground out 6-3 (Groundball, 6)
|
Batting: LHB Enrique Cortéz
|
0-0: Ball 1-0: Foul Ball, location: 2F 1-1: Ball 2-1: Ground out U3 (Groundball, 3S)
|
Batting: LHB Jeff McKinney
|
0-0: Called Strike 0-1: Called Strike 0-2: Ball 1-2: Ball 2-2: Ball 3-2: Foul Ball, location: 2F 3-2: Foul Ball, location: 2F 3-2: Strikes out swinging
|
Bottom of the 6th over - 0 run(s), 0 hit(s), 0 error(s), 0 left on base; New Hampshire 2 - West Palm 7 |
TOP OF THE 7TH |
New Hampshire Fisher Cats batting - Pitching for West Palm Reds : LHP Francisco Nieto
|
Batting: RHB Brad French
|
0-0: Swinging Strike 0-1: Ball 1-1: Foul Ball, location: 2F 1-2: Foul Ball, location: 2F 1-2: Strikes out looking
|
Batting: LHB Francisco Marino
|
0-0: Ball 1-0: Ball 2-0: Called Strike 2-1: Ball 3-1: Foul Ball, location: 2F 3-2: Fly out, F6 (Popup, 6D)
|
Batting: RHB José Hernández
|
0-0: Foul Ball, location: 2F 0-1: Fly out, F5 (Line Drive, 5)
|
Top of the 7th over - 0 run(s), 0 hit(s), 0 error(s), 0 left on base; New Hampshire 2 - West Palm 7 |
BOTTOM OF THE 7TH |
West Palm Reds batting - Pitching for New Hampshire Fisher Cats : RHP Ernesto Rivera
|
Pitching: RHP Javier Quińones
|
|
Batting: SHB Todd Smith
|
0-0: Ball 1-0: Reached on error, E3 (Groundball, 3)
|
Batting: RHB Jack Ray
|
0-0: Ball 1-0: Ball 2-0: Ball 3-0: Swinging Strike 3-1: Base on Balls Todd Smith to second
|
Batting: LHB Jeff Doss
|
0-0: Ball 1-0: Bunted foul 1-1: Bunted foul 1-2: Foul Ball, location: 2F 1-2: Ball 2-2: Fly out, F9 (Flyball, 89D) Runner from 2nd tags up, SAFE at 3rd, no throw
|
Batting: LHB Bob Martin
|
0-0: Called Strike 0-1: Foul Ball, location: 2F 0-2: Strikes out swinging
|
Batting: SHB Alex Hayes
|
0-0: Ball 1-0: Ball 2-0: Ball 3-0: Base on Balls Jack Ray to second
|
Pitching: LHP Juan Arce
|
|
Batting: RHB Lorenzo Guzmán
|
0-0: Foul Ball, location: 2F 0-1: Ball 1-1: Ball 2-1: Fielders Choice at 2nd, 6-4 (Groundball, 6)
|
Bottom of the 7th over - 0 run(s), 0 hit(s), 1 error(s), 2 left on base; New Hampshire 2 - West Palm 7 |
TOP OF THE 8TH |
New Hampshire Fisher Cats batting - Pitching for West Palm Reds : LHP Francisco Nieto
|
Pitching: RHP Carlos Gonzáles
|
|
Batting: RHB Keith Ford
|
0-0: Ball 1-0: SINGLE (Groundball, 4MD)
|
Batting: RHB Roberto Peńa
|
0-0: Ball Wild Pitch! Keith Ford to second 1-0: Swinging Strike 1-1: Fly out, F7 (Line Drive, 7S)
|
Batting: RHB Phil Matthews
|
0-0: SINGLE (Flyball, 4MD) Keith Ford to third Runner from 3rd tries for Home, SAFE, throw made home Phil Matthews to second
|
Batting: RHB Júlio Trinidad
|
0-0: Called Strike 0-1: Swinging Strike 0-2: Ball 1-2: Ground out 6-3 (Groundball, 6)
|
Batting: LHB Gustavo Lozano
|
0-0: Foul Ball, location: 2F 0-1: Ball 1-1: Ground out 3-1 (Groundball, 34S)
|
Top of the 8th over - 1 run(s), 2 hit(s), 0 error(s), 1 left on base; New Hampshire 3 - West Palm 7 |
BOTTOM OF THE 8TH |
West Palm Reds batting - Pitching for New Hampshire Fisher Cats : LHP Juan Arce
|
Batting: RHB Juan Vareas
|
0-0: Ball 1-0: Called Strike 1-1: SINGLE (Line Drive, 8RS)
|
Batting: LHB Enrique Cortéz
|
0-0: Ball Juan Vareas is caught stealing 2nd base 1-0: Ball 2-0: Swinging Strike 2-1: Foul Ball, location: 2F 2-2: Ball 3-2: Foul Ball, location: 2F 3-2: Base on Balls
|
Batting: LHB Jeff McKinney
|
0-0: Fly out, F7 (Flyball, 7LMF)
|
Batting: SHB Todd Smith
|
0-0: Ball 1-0: Fly out, F8 (Flyball, 8LM)
|
Bottom of the 8th over - 0 run(s), 1 hit(s), 0 error(s), 1 left on base; New Hampshire 3 - West Palm 7 |
TOP OF THE 9TH |
New Hampshire Fisher Cats batting - Pitching for West Palm Reds : RHP Carlos Gonzáles
|
Pitching: LHP Juan Ortíz
|
|
Batting: RHB Matt Silver
|
0-0: Called Strike 0-1: Ball 1-1: Swinging Strike 1-2: Ball 2-2: Strikes out looking
|
Batting: RHB Brad French
|
0-0: Fly out, F8 (Flyball, 8LXD)
|
Batting: LHB Francisco Marino
|
0-0: Ground out 4-3 (Groundball, 4)
|
Top of the 9th over - 0 run(s), 0 hit(s), 0 error(s), 0 left on base; New Hampshire 3 - West Palm 7 |
|